 Dungeon Crawl Stone Soup version 0.23-a0-839-g6d2b917 (webtiles) character file.

292 tidbits the Skirmisher (level 6, -3/53 HPs)
             Began as a Gnoll Wanderer on Jan 25, 2019.
             Slain by a centaur (8 damage)
             ... on level 5 of the Dungeon.
             The game lasted 00:09:49 (791 turns).

tidbits the Skirmisher (Gnoll Wanderer)              Turns: 791, Time: 00:09:50

Health: -3/53      AC:  5    Str: 13    XL:     6   Next: 33%
Magic:  8/8        EV: 18    Int: 16    God:
Gold:   9          SH:  0    Dex: 21    Spells: 7/8 levels left

rFire    + . .     SeeInvis .   a - +2 short sword
rCold    . . .     Gourm    .   (no shield)
rNeg     . . .     Faith    .   B - +2 robe {rF+}
rPois    .         Spirit   .   (no helmet)
rElec    .         Reflect  .   C - scarf {cloud immunity}
rCorr    .         Harm     .   (no gloves)
MR       .....                  (no boots)
Stlth    ++++......             (no amulet)
HPRegen  0.17/turn              U - +1 ring of protection
MPRegen  0.11/turn              (no ring)

@: agile
A: distributed training, fangs 1, strong nose
a: no special abilities


You were on level 5 of the Dungeon.
You were not hungry.

You visited 1 branch of the dungeon, and saw 5 of its levels.

You collected 9 gold pieces.

Inventory:

Hand Weapons
 a - a +2 short sword (weapon)
 b - a +0 dagger
 d - a +0 hunting sling
Missiles
 e - 23 sling bullets
 m - 22 stones (quivered)
Armour
 k - a +0 ring mail
 B - a +2 robe of fire resistance (worn)
   (You found it on level 4 of the Dungeon)
 C - a scarf of cloud immunity (worn)
   (You found it on level 1 of the Dungeon)
Jewellery
 U - a +1 ring of protection (left hand)
   (You found it on level 2 of the Dungeon)
Scrolls
 g - a scroll of teleportation {unknown}
 i - a scroll of immolation {unknown}
 j - a scroll of amnesia
 p - a scroll of magic mapping {unknown}
 r - 3 scrolls of remove curse
Potions
 l - a potion of lignification {unknown}
 n - a potion of heal wounds {unknown}
 o - a potion of resistance {unknown}
Comestibles
 c - 4 rations


   Skills:
 + Level 6.8 Fighting
 + Level 3.2 Short Blades
 + Level 1.8 Long Blades
 + Level 3.2 Axes
 + Level 1.8 Maces & Flails
 + Level 1.8 Polearms
 + Level 1.8 Staves
 + Level 1.8 Slings
 + Level 1.8 Bows
 + Level 1.8 Crossbows
 + Level 1.8 Throwing
 + Level 3.2 Armour
 + Level 1.8 Dodging
 + Level 4.5 Stealth
 + Level 4.9 Shields
 + Level 1.8 Unarmed Combat
 + Level 1.8 Spellcasting
 + Level 1.4 Conjurations
 + Level 1.4 Hexes
 + Level 1.4 Charms
 + Level 1.4 Summonings
 + Level 1.4 Necromancy
 + Level 1.4 Translocations
 + Level 1.4 Transmutations
 + Level 1.4 Fire Magic
 + Level 1.4 Ice Magic
 + Level 1.4 Air Magic
 + Level 1.4 Earth Magic
 + Level 1.4 Poison Magic
 + Level 2.0 Invocations
 + Level 1.8 Evocations


You had 7 spell levels left.
You knew the following spells:

 Your Spells              Type           Power        Failure   Level  Hunger
t - Confusing Touch       Hex            #.....       12%         1    #......

Your spell library contained the following spells:

 Spells                   Type           Power        Failure   Level  Hunger
 Summon Small Mammal      Summ           #...         12%         1    #......
 Call Imp                 Summ           #.......     17%         2    ###....
 Call Canine Familiar     Summ           #.......     34%         3    ###....
 Confuse                  Hex            #.......     34%         3    ###....
 Gell's Gravitas          Tloc           #.........   34%         3    ###....
 Summon Guardian Golem    Hex/Summ       #.......     34%         3    ###....
 Petrify                  Tmut/Erth      #.......     75%         4    #####..
 Summon Ice Beast         Ice/Summ       #.......     75%         4    #####..
 Summon Lightning Spire   Summ/Air       #.......     75%         4    #####..
 Metabolic Englaciation   Hex/Ice        #.........   97%         5    ######.
 Yara's Violent Unravell  Hex/Tmut       #.........   97%         5    ######.


Dungeon Overview and Level Annotations

Branches:
Dungeon (5/15)             Temple (0/1) D:5

Altars:


Innate Abilities, Weirdness & Mutations

Your experience applies equally to all skills.
You have very sharp teeth.
Your uncanny sense of smell can sniff out nearby items.


Message History

* * * LOW HITPOINT WARNING * * *
Unknown command.
You hit the quokka but do no damage.
The quokka appears confused.
You hit the quokka but do no damage. You bite the quokka.
The quokka is lightly wounded.
You hit the quokka.
You kill the quokka!
An iguana comes into view.
The iguana hisses angrily.
You see here a scythe.
Casting: Confusing Touch (safe; 12% risk of failure)
Confirm with . or Enter, or press ? or * to list all spells.
Your hands begin to glow red.
Unknown command.
Drop what? 18/52 slots (_ for help) (? for menu, Esc to quit)
Okay, then.
Unknown command.
You hit the iguana but do no damage.
The iguana appears confused.
You hit the iguana.
The iguana is lightly wounded.
The iguana closely misses you.
You hit the iguana but do no damage.
The iguana is lightly wounded.
The iguana closely misses you.
You strike the helpless iguana from behind!
You puncture the iguana!
The iguana is almost dead.
You hit the iguana. You bite the iguana, but do no damage.
The iguana is almost dead.
The iguana closely misses you.
You hit the iguana.
You kill the iguana!
You see here an iguana corpse.
Found a ruby potion.
Found 3 needles of frenzy.
Found a stone staircase leading down.
You see here a ruby potion.
o - a ruby potion
There is a stone staircase leading down here.
You climb downwards.
Found 9 gold pieces and a scroll labeled XULUIV OFOWNE.
Found a stone staircase leading down.
There is a stone staircase leading up here.
You see here a scroll labeled XULUIV OFOWNE.
p - a scroll labeled XULUIV OFOWNE Unknown command.
A centaur comes into view.
Unknown command.
The centaur shouts!
The centaur wields a +0 shortbow.
The centaur shoots an arrow.
The arrow hits you.
The centaur shoots an arrow.
The arrow hits you.
* * * LOW HITPOINT WARNING * * *
Found a staircase to the Ecumenical Temple.
You see here 2 arrows.
The centaur shoots an arrow.
The arrow hits you!
* * * LOW HITPOINT WARNING * * *
You see here an arrow.
Unknown command.
Casting: Confusing Touch (safe; 12% risk of failure)
Confirm with . or Enter, or press ? or * to list all spells.
Your hands begin to glow red.
The centaur shoots an arrow.
The arrow closely misses you.
Unknown command.
The centaur unwields a +0 shortbow.
The centaur hits you.
* * * LOW HITPOINT WARNING * * *
The centaur hits you.
* * * LOW HITPOINT WARNING * * *
Unknown command.
You feel better. The centaur completely misses you.
You hit the centaur but do no damage.
The centaur appears confused.
The centaur closely misses you.
You barely miss the centaur.
The centaur laughs crazily.
The centaur hits you but does no damage.
You hit the centaur. You bite the centaur, but do no damage.
The centaur is lightly wounded.
The centaur misses you.
You hit the centaur.
The centaur is moderately wounded.
The centaur hits you.
* * * LOW HITPOINT WARNING * * *
You catch the helpless centaur completely off-guard!
You hit the centaur. You bite the centaur, but do no damage.
The centaur is heavily wounded.
You hit the centaur.
The centaur is heavily wounded.
The centaur hits you.
* * * LOW HITPOINT WARNING * * *
You hit the centaur but do no damage.
The centaur is heavily wounded.
The centaur gestures wildly.
The centaur seems less confused.
The centaur barely misses you. The centaur misses you.
You hit the centaur.
The centaur is severely wounded.
The centaur hits you!
* * * LOW HITPOINT WARNING * * *
You feel agile all of a sudden. The centaur hits you!
You die...

.............
>..........#
..$........#
...........#
#..........#
##.........#
##...###############
##......(.....c...#
##...#..#((#.@#..#
#...............#
#..............>#
##..............#
#..#..#..#..#..#
#...............#
#.############### ..
...


You could see a centaur.

Vanquished Creatures
  A water moccasin skeleton (D:4)
  A hound (D:4)
  Jessica (D:2)
  An iguana (D:4)
  A worker ant (D:4)
  3 orc wizards (D:4)
  3 adders
  2 leopard geckos
  4 orcs (D:4)
  A bat (D:2)
  2 giant cockroaches
  4 hobgoblins
  A kobold (D:2)
  A quokka (D:4)
  5 frilled lizards
  A leopard gecko skeleton (D:4)
  2 rats
34 creatures vanquished.

Notes
Turn   | Place    | Note
-------+----------+-------------------------------------------
     0 | D:1      | tidbits the Gnoll Wanderer began the quest for the Orb.
     0 | D:1      | tidbits set off with the following items: a +2 short sword,
                  | a +0 ring mail, a potion of curing, a +0 dagger, a ration
     0 | D:1      | Reached XP level 1. HP: 23/23 MP: 1/1
   141 | D:2      | Reached XP level 2. HP: 29/29 MP: 2/2
   203 | D:2      | Noticed Jessica
   211 | D:2      | Killed Jessica
   211 | D:2      | Reached skill level 1 in Invocations
   211 | D:2      | Reached XP level 3. HP: 35/35 MP: 2/4
   356 | D:3      | Reached skill level 1 in Long Blades
   356 | D:3      | Reached skill level 1 in Maces & Flails
   356 | D:3      | Reached skill level 1 in Polearms
   356 | D:3      | Reached skill level 1 in Staves
   356 | D:3      | Reached skill level 1 in Slings
   356 | D:3      | Reached skill level 1 in Bows
   356 | D:3      | Reached skill level 1 in Crossbows
   356 | D:3      | Reached skill level 1 in Throwing
   356 | D:3      | Reached skill level 1 in Dodging
   356 | D:3      | Reached skill level 1 in Unarmed Combat
   356 | D:3      | Reached skill level 1 in Spellcasting
   356 | D:3      | Reached skill level 1 in Evocations
   417 | D:3      | Reached XP level 4. HP: 34/41 MP: 5/5
   476 | D:5      | Entered Level 5 of the Dungeon
   529 | D:4      | Reached skill level 1 in Conjurations
   529 | D:4      | Reached skill level 1 in Hexes
   529 | D:4      | Reached skill level 1 in Charms
   529 | D:4      | Reached skill level 1 in Summonings
   529 | D:4      | Reached skill level 1 in Necromancy
   529 | D:4      | Reached skill level 1 in Translocations
   529 | D:4      | Reached skill level 1 in Transmutations
   529 | D:4      | Reached skill level 1 in Fire Magic
   529 | D:4      | Reached skill level 1 in Ice Magic
   529 | D:4      | Reached skill level 1 in Air Magic
   529 | D:4      | Reached skill level 1 in Earth Magic
   529 | D:4      | Reached skill level 1 in Poison Magic
   529 | D:4      | Reached XP level 5. HP: 16/47 MP: 5/7
   564 | D:4      | Learned a level 1 spell: Confusing Touch
   600 | D:4      | Reached skill level 3 in Short Blades
   600 | D:4      | Reached skill level 3 in Axes
   600 | D:4      | Reached skill level 3 in Armour
   649 | D:4      | Reached XP level 6. HP: 21/53 MP: 5/8
   675 | D:4      | Reached skill level 2 in Invocations
   774 | D:5      | Found a staircase to the Ecumenical Temple.
   790 | D:5      | HP: 5/53 [centaur (8)]
   791 | D:5      | Slain by a centaur

Vault maps used:
D:1:      psy_arrival_whirlpool, st_stairs_5
D:2:      uniq_jessica
D:3:      first_ration, minmay_ogre_servants
D:4:      ebering_ghost_reflecting_pool, minmay_fractal_squares_diagonal_5
D:5:      temple_hall, basic_altar, chequers_arboretum

Skill      XL: |  1  2  3  4  5  6 |
---------------+-------------------+-----
Invocations    | 1 2 |  2.0
Long Blades    | 1 |  1.8
Maces & Flails | 1 |  1.8
Polearms       | 1 |  1.8
Staves         | 1 |  1.8
Slings         | 1 |  1.8
Bows           | 1 |  1.8
Crossbows      | 1 |  1.8
Throwing       | 1 |  1.8
Dodging        | 1 |  1.8
Unarmed Combat | 1 |  1.8
Spellcasting   | 1 |  1.8
Evocations     | 1 |  1.8
Conjurations   | 1 |  1.4
Hexes          | 1 |  1.4
Charms         | 1 |  1.4
Summonings     | 1 |  1.4
Necromancy     | 1 |  1.4
Translocations | 1 |  1.4
Transmutations | 1 |  1.4
Fire Magic     | 1 |  1.4
Ice Magic      | 1 |  1.4
Air Magic      | 1 |  1.4
Earth Magic    | 1 |  1.4
Poison Magic   | 1 |  1.4
Short Blades   | 3 |  3.2
Axes           | 3 |  3.2
Armour         | 3 |  3.2
Fighting       | |  6.8
Stealth        | |  4.5
Shields        | |  4.9

Action                   |  1- 3 |  4- 6 || total
-------------------------+-------+-------++-------
Melee: Short sword       |    53 |    68 ||   121
       Bite              |     2 |    10 ||    12
       Punch             |       |     1 ||     1
 Cast: Confusing Touch   |       |     8 ||     8
  Use: Potion            |     1 |     3 ||     4
       Scroll            |     3 |       ||     3
 Stab: Sleeping          |     2 |     4 ||     6
       Confused          |       |     4 ||     4
  Eat: Ration            |     1 |       ||     1
Armor: Ring mail         |    19 |     7 ||    26
       Robe              |       |     8 ||     8
Dodge: Dodged            |    27 |    26 ||    53

Table legend:
 A = Non-vault XP
 B = Vault XP
 C = Vault XP percentage of total XP
 D = Non-vault monster count
 E = Vault monster count
 F = Vault count percentage of total count
                 A         B        C        D         E       F
            +---------+---------+-------+---------+---------+-------
      Total |     287 |     131 |  31.3 |      26 |       8 |  23.5
            +---------+---------+-------+---------+---------+-------
        D:1 |       7 |       2 |  22.2 |       4 |       1 |  20.0
        D:2 |      23 |      37 |  61.7 |       7 |       1 |  12.5
        D:3 |      21 |       0 |   0.0 |       5 |       0 |   0.0
        D:4 |     236 |      92 |  28.0 |      10 |       6 |  37.5
            +---------+---------+-------+---------+---------+-------

Table legend:
 A = Turns spent in this place as a percentage of turns spent in the entire game.
 B = Non-inter-level travel turns spent in this place as a percentage of non-inter-level travel turns spent in the entire game.
 C = Inter-level travel turns spent in this place as a percentage of turns spent in this place.
 D = Turns resting spent in this place as a percentage of non-inter-level travel turns spent in this place.
 E = Turns spent auto-exploring this place as a percentage of non-inter-level travel turns spent in this place.
 F = Non-inter-level travel turns spent in this place divided by the number of levels of this place that you've seen.
                   A       B       C       D       E      F
               +-------+-------+-------+-------+-------+----------------------
         Total | 100.0 | 100.0 |   0.0 |   0.0 |   0.0 | 158.2
       Dungeon | 100.0 | 100.0 |   0.0 |   0.0 |   0.0 | 158.2
               +-------+-------+-------+-------+-------+----------------------

Table legend:
 A = Kills in this place as a percentage of kills in entire the game.
 B = Kills by you in this place as a percentage of kills by you in the entire game.
 C = Kills by friends in this place as a percentage of kills by friends in the entire game.
 D = Other kills in this place as a percentage of other kills in the entire game.
 E = Experience gained in this place as a percentage of experience gained in the entire game.
 F = Experience gained in this place divided by the number of levels of this place that you have seen.
                   A       B       C       D       E      F
               +-------+-------+-------+-------+-------+----------------------
         Total | 100.0 | 100.0 |   N/A |   N/A | 100.0 |  83.6
       Dungeon | 100.0 | 100.0 |   N/A |   N/A | 100.0 |  83.6
               +-------+-------+-------+-------+-------+----------------------

Vault maps used:
D:1:      psy_arrival_whirlpool, st_stairs_5
D:2:      uniq_jessica
D:3:      first_ration, minmay_ogre_servants
D:4:      ebering_ghost_reflecting_pool, minmay_fractal_squares_diagonal_5
D:5:      temple_hall, basic_altar, chequers_arboretum
